 Dungeon Crawl Stone Soup version 0.23-a0-164-g7711e57 (webtiles) character file.

0 glosham the Skirmisher (level 1, -1/22 HPs)
             Began as a Troll Abyssal Knight on Sept 10, 2018.
             Was a Follower of Lugonu.
             Splashed by a brown very ugly thing's acid (8 damage)
             ... on level 3 of the Abyss.
             The game lasted 00:03:36 (142 turns).

glosham the Skirmisher (Troll Abyssal Knight)        Turns: 142, Time: 00:03:38

Health: -1/22      AC:  1    Str: 19    XL:     1   Next: 0%
Magic:  1/1        EV: 10    Int:  8    God:    Lugonu [*.....]
Gold:   73         SH:  0    Dex:  9    Spells: 0/0 levels left

rFire    . . .     SeeInvis .     - Unarmed
rCold    . . .     Gourm    +   (no shield)
rNeg     . . .     Faith    .   a - +0 robe
rPois    .         Spirit   .   (helmet restricted)
rElec    .         Reflect  .   (no cloak)
rCorr    .         Harm     .   (gloves unavailable)
MR       .....                  (boots unavailable)
Stlth    +.........             (no amulet)
HPRegen  0.47/turn              (no ring)
MPRegen  0.07/turn              (no ring)

@: corroded
A: large, unfitting armour, claws 3, fast metabolism 3, gourmand, regeneration
1, shaggy fur 1, tough skin 2
a: Depart the Abyss, Renounce Religion


You were on level 3 of the Abyss.
You worshipped Lugonu.
Lugonu was aware of your devotion.
You were not hungry.

You visited 0 branches of the dungeon, and saw 0 of its levels.
You visited the Abyss 1 time.

You collected 73 gold pieces.

Inventory:

Hand Weapons
 c - a +0 great mace
Armour
 a - a +0 robe (worn)
Wands
 f - a wand of digging (15)
Scrolls
 d - a scroll of blinking
Comestibles
 b - 2 rations


   Skills:
 - Level 2.4 Fighting
 - Level 1.9 Dodging
 * Level 2.0 Unarmed Combat
 - Level 1.5 Invocations


You couldn't memorise any spells.
You didn't know any spells.
Your spell library was empty.

Dungeon Overview and Level Annotations

Branches:
Dungeon (0/15)

Altars:


Innate Abilities, Weirdness & Mutations

You are too large for most types of armour.
You have claws for hands.
Your metabolism is lightning-fast.
You like to eat raw meat.
Your natural rate of healing is unusually fast.
You are covered in fur. (AC +1)
You have very tough skin. (AC +2)


Message History

You now have 73 gold pieces (gained 43).
Found a gateway leading deeper into the Abyss.
A ynoxinul comes into view.
A wraith comes into view.
There is a gateway leading deeper into the Abyss here.
You plunge deeper into the Abyss.
The abyssal rune of Zot can be found at this depth.
Found a scroll labeled USEFREOVV HOYCHYD.
Found a scroll labeled XAD EFAOHIUTORGH.
Found a gateway leading out of the Abyss.
You see here a scroll labeled USEFREOVV HOYCHYD.
d - a scroll labeled USEFREOVV HOYCHYD
Found a blackened lead wand.
You see here a scroll labeled XAD EFAOHIUTORGH.
e - a scroll labeled XAD EFAOHIUTORGH You see here a wand of digging (15).
f - a wand of digging (15)
A tentacled starspawn comes into view.
As you read the scroll labeled XAD EFAOHIUTORGH, it crumbles to dust.
It is a scroll of identify.
d - a scroll of blinking
Found a scroll labeled VOIKLU UWOR.
A thrashing horror comes into view.
You see here a scroll labeled VOIKLU UWOR.
Okay, then.
You see here a scroll labeled VOIKLU UWOR.
As you read the scroll labeled VOIKLU UWOR, it crumbles to dust.
The air around you briefly surges with heat, but it dissipates.
It was a scroll of immolation.
An iron imp comes into view.
The iron imp shouts!
You aren't carrying any potions.
Unknown command.
A very ugly thing and a tentacled starspawn come into view.
Tentacles burst from the starspawn's body! 2 starspawn tentacles come into view.
The brown very ugly thing claws you!
Ouch! That really hurt!
The acid corrodes you!
You are splashed with acid!
The acid burns!
You die...

#. .
#.....#..#.#
#...##..##...#..
# .#..##..#..##.
. .#
.......#...### .
......#..#.# .
...#....#..#
..##
.##.#....#.# #
#..##u....#
#.#...#@#.#.#
#.#.##5#### .#
#.# ... ### #..
..#. . ww ..#X


You could see a brown very ugly thing and an iron imp.

Vanquished Creatures (others)
  2 starspawn tentacles (Abyss:3)
2 creatures vanquished.

Notes
Turn   | Place    | Note
-------+----------+-------------------------------------------
     0 | Abyss:1  | glosham the Troll Abyssal Knight began the quest for the
                  | Orb.
     0 | Abyss:1  | Reached XP level 1. HP: 22/22 MP: 1/1
    16 | Abyss:2  | Found a corrupted altar of Lugonu.
    50 | Abyss:2  | Noticed a ynoxinul
    54 | Abyss:2  | Noticed a wraith
    76 | Abyss:3  | Noticed a tentacled starspawn
   104 | Abyss:3  | Noticed a thrashing horror
   119 | Abyss:3  | Noticed an iron imp
   138 | Abyss:3  | Noticed a tentacled starspawn
   138 | Abyss:3  | Noticed a brown very ugly thing
   142 | Abyss:3  | Splashed by a brown very ugly thing's acid

Vault maps used:
Abyss:2:  minivault_20
Abyss:3:  evilmike_abyss_exit_16

Action                   || total
-------------------------++-------
  Use: Scroll            ||     2

Table legend:
 A = Non-vault XP
 B = Vault XP
 C = Vault XP percentage of total XP
 D = Non-vault monster count
 E = Vault monster count
 F = Vault count percentage of total count
                 A         B        C        D         E       F
            +---------+---------+-------+---------+---------+-------
      Total |       0 |       0 |   N/A |       0 |       0 |  -nan
            +---------+---------+-------+---------+---------+-------
            +---------+---------+-------+---------+---------+-------

Table legend:
 A = Turns spent in this place as a percentage of turns spent in the entire game.
 B = Non-inter-level travel turns spent in this place as a percentage of non-inter-level travel turns spent in the entire game.
 C = Inter-level travel turns spent in this place as a percentage of turns spent in this place.
 D = Turns resting spent in this place as a percentage of non-inter-level travel turns spent in this place.
 E = Turns spent auto-exploring this place as a percentage of non-inter-level travel turns spent in this place.
 F = Non-inter-level travel turns spent in this place divided by the number of levels of this place that you've seen.
                   A       B       C       D       E      F
               +-------+-------+-------+-------+-------+----------------------
         Total | 100.0 | 100.0 |   0.0 |   0.0 |   0.0 |  47.3
         Abyss | 100.0 | 100.0 |   0.0 |   0.0 |   0.0 |  47.3
               +-------+-------+-------+-------+-------+----------------------

Vault maps used:
Abyss:2:  minivault_20
Abyss:3:  evilmike_abyss_exit_16
